AoeStats
← Tutifruti1647

Scandinavia

510655216Analyzed
1v1 RM · 17h ago on Oct 2, 2026· 41m 26s· 2 players
Game mode
Random Map
Map size
Tiny (2 player)
Population
200
Speed
Normal
Resources
Standard
Victory
Conquest
Starting age
Dark Age
Ending age
Imperial Age
RankedLock teamsTeams togetherTeam positionsShared explorationLock speedFull tech treeHidden civsTurbo modeCheats
Victory
Defeat
🇺🇸 Sicilians · United States
1344
+19
🇦🇷 Bulgarians · Argentina
1400
-19
Alive
7:00 Loom
10:30 Feudal Age
11:03 Town Watch
11:19 Double-Bit Axe
14:13 Horse Collar
20:58 Castle Age
20:16 Fishing Lines
21:20 Scale Mail Armor
21:31 Forging
22:52 Pikeman
27:34 Iron Casting
27:33 Fletching
29:23 Bodkin Arrow
32:23 Stone Mining
32:26 Gillnets
33:08 Murder Holes
39:22 Imperial Age
37:29 Masonry
38:30 Ballistics
38:55 Chain Mail Armor
Tutifruti1647
7:13 Loom
9:25 Feudal Age
16:50 Castle Age
17:14 Scale Mail Armor
20:29 Fletching
20:45 Scale Barding Armor
22:32 Bodkin Arrow
26:35 Forging
29:52 Double-Bit Axe
Connection lost

Rejoining the realm…

Still unreachable

The connection could not be restored.

Session expired

The server has moved on; the page needs a fresh start.